 Dungeon Crawl Stone Soup version 0.30-a0-782-ge64f9170bb (webtiles) character file.

Game seed: 18379083708691006387

7136 senseless the Thaumaturge (level 10, -1/78 HPs)
             Began as a White Draconian Fire Elementalist on Feb 28, 2023.
             Was an Elder of Makhleb.
             Slain by Urug
             ... wielding a +4 double sword of holy wrath
              (21 damage)
             ... on level 10 of the Dungeon.
             The game lasted 00:37:41 (10856 turns).

senseless the Thaumaturge (DrFE)                   Turns: 10856, Time: 00:37:42

Health: -1/78      AC: 15    Str: 10    XL:     10   Next: 85%
Magic:  9/24       EV: 19    Int: 18    God:    Makhleb [****..]
Gold:   199        SH:  0    Dex: 16    Spells: 18/25 levels left

rFire   . . .      SeeInvis .    c - +2 mace (heavy)
rCold   + . .      Faith    .    (no shield)
rNeg    . . .      Spirit   .    (body armour unavailable)
rPois   .          Reflect  .    A - +2 hat
rElec   .          Harm     .    (no cloak)
rCorr   .          Rampage  .    d - +2 pair of gloves
Will    .....      Rnd*Tele +    i - +2 pair of boots
Stlth   +++                      (no amulet)
HPRegen 0.33/turn                k - +5 ring of evasion
MPRegen 0.19/turn                (no ring)

@: no status effects
A: breathe frost, AC +7, unfitting armour, cold resistance 1, cold-blooded,
agile 1, high MP 1, teleportitis 1
a: Breathe Frost, Renounce Religion, Minor Destruction, Lesser Servant of
Makhleb, Major Destruction


You were on level 10 of the Dungeon.
You worshipped Makhleb.
Makhleb was greatly pleased with you.
You visited 1 branch of the dungeon, and saw 10 of its levels.

You collected 462 gold pieces.
You spent 263 gold pieces at shops.

Inventory:

Hand Weapons
 c - a +2 heavy mace (weapon)
 n - a +5 war axe
 o - a +2 halberd of venom
 v - a +2 trident of freezing
 C - a +3 short sword of holy wrath
Missiles
 p - 4 throwing nets
Armour
 d - a +2 pair of gloves (worn)
 i - a +2 pair of boots (worn)
 x - a scarf of harm
 A - a +2 hat (worn)
Jewellery
 k - a +5 ring of evasion (left hand)
Wands
 j - a wand of polymorph (12)
 q - a wand of digging (6)
 s - a wand of flame (25)
 t - a wand of quicksilver (11)
 u - a wand of charming (10)
 w - a wand of mindburst (5)
Scrolls
 f - 2 scrolls of silence
 m - 2 scrolls of teleportation
 y - a scroll of magic mapping
 D - a scroll of fear
 F - a scroll of enchant armour
Potions
 a - a potion of magic
 b - 3 potions of berserk rage
 e - a potion of resistance
 g - 11 potions of curing
 h - 4 potions of heal wounds
 l - a potion of flight
 r - a potion of lignification
 z - a potion of haste
 B - a potion of brilliance {unknown}
 E - a potion of ambrosia {unknown}


   Skills:
 + Level 4.1 Fighting
 + Level 5.5 Maces & Flails
 + Level 5.4 Dodging
 + Level 4.3 Stealth
 + Level 8.4 Spellcasting
 + Level 4.0 Conjurations
 + Level 8.4 Fire Magic


You had 18 spell levels left.
You knew the following spells:

 Your Spells              Type           Power      Damage    Failure   Level
a - Foxfire               Conj/Fire      100%       2x1d9     1%          1
b - Scorch                Fire           74%        2d9       1%          2
c - Flame Wave            Conj/Fire      30%        2d9       7%          4

Your spell library contained the following spells:

 Spells                   Type           Power      Damage    Failure   Level
 Inner Flame              Hex/Fire       22%        N/A       4%          3
 Sticky Flame             Conj/Fire      30%        2d5       7%          4
 Kindle Blastsparks       Fire/Tloc/Air  34%        2d12      9%          3
 Apportation              Tloc           14%        N/A       10%         1
 Vhi's Electric Charge    Tloc/Air       14%        N/A       28%         3
 Summon Ice Beast         Ice/Summ       7%         N/A       67%         4
 Arcjolt                  Conj/Air       7%         1d17      75%         5
 Alistair's Intoxication  Tmut/Pois      4%         N/A       95%         5
 Summon Mana Viper        Hex/Summ       7%         N/A       95%         5
 Monstrous Menagerie      Summ           3%         N/A       100%        7
 Maxwell's Capacitive Co  Air            3%         ∞         100%        8


Dungeon Overview and Level Annotations

Branches:
Dungeon (10/15)            Temple (0/1) D:4            Lair (0/5) D:10
    Orc: D:9-12

Altars:
Ashenzari
Hepliaklqana
Makhleb
Uskayaw
Xom
The Shining One

Shops:
D:1 [

Annotations:
D:10 Urug


Innate Abilities, Weirdness & Mutations

You can breathe waves of freezing cold which knock back foes.
Your icy white scales are hard. (AC +7)
You cannot fit into any form of body armour.
Your flesh is cold resistant. (rC+)
You are cold-blooded and may be slowed by cold attacks.
You are agile. (Dex +4, Str/Int -1)
You have an increased reservoir of magic. (+10% MP)
You are occasionally teleported next to monsters.


Message History

You start resting.
Urug is nearby!
Casting: Scorch (safe; 1% risk of failure)
Confirm with . or Enter, or press ? or * to list all spells.
Flames lash Urug but do no damage.
Casting: Scorch (safe; 1% risk of failure)
Confirm with . or Enter, or press ? or * to list all spells.
Flames lash Urug.
Urug is lightly wounded.
Urug's fire resistance burns away.
Casting: Scorch (safe; 1% risk of failure)
Confirm with . or Enter, or press ? or * to list all spells.
Flames lash Urug but do no damage.
Urug completely misses you.
Casting: Scorch (safe; 1% risk of failure)
Confirm with . or Enter, or press ? or * to list all spells.
Flames lash Urug.
Urug is burned terribly!
Urug is lightly wounded.
Urug misses you.
Casting: Scorch (safe; 1% risk of failure)
Confirm with . or Enter, or press ? or * to list all spells.
Flames lash Urug.
Urug is burned terribly!
Urug is heavily wounded.
Urug barely misses you.
Casting: Scorch (safe; 1% risk of failure)
Confirm with . or Enter, or press ? or * to list all spells.
Flames lash Urug.
Urug is burned terribly!
Urug is heavily wounded.
Urug hits you with a +4 double sword of holy wrath!!
Casting: Scorch (safe; 1% risk of failure)
Confirm with . or Enter, or press ? or * to list all spells.
Flames lash Urug.
Urug is burned terribly!
Urug is severely wounded.
Urug hits you with a +4 double sword of holy wrath!!
* * * LOW HITPOINT WARNING * * *
Casting: Scorch (safe; 1% risk of failure)
Confirm with . or Enter, or press ? or * to list all spells.
Flames lash Urug.
Urug is burned terribly!
Urug is severely wounded.
Urug hits you with a +4 double sword of holy wrath!!
You die...

..########..........#
#..## #.........# ##.)##
#.........####
###.)#####<...........##
....).......######.....##
#####...###..# ##.......#
##### #### #........#
#### #........# ...#
#@......## ...#
##o......# #### #.......#
#........# #.#.....## #.
#...## #. #### #. #o


You could see Urug (combustible).

Vanquished Creatures
  Erolcha (D:9)
  A two-headed ogre (D:6)
  A troll (D:10)
  A hornet (D:7)
  Prince Ribbit (D:7)
  Sigmund (D:6)
  3 wyverns
  A vampire (D:6)
  5 yaks (D:10)
  A steam dragon (D:10)
  2 basilisks (D:10)
  An acid dragon (D:5)
  2 water moccasins
  2 orc warriors
  A sky beast (D:7)
  An ice beast (D:8)
  4 centaurs
  An ogre (D:5)
  A phantom (D:5)
  3 kobold brigands
  5 bullfrogs
  3 scorpions
  4 wights
  6 killer bees (D:8)
  4 howler monkeys
  2 gnoll boudas
  3 hounds
  A jelly (D:5)
  4 orc priests
  4 iguanas
  Ijyb (D:4)
  10 orc wizards
  11 gnolls
  2 adders (D:2)
  A white imp (D:7)
  3 ufetubi
  2 worms (D:2)
  3 dart slugs
  24 orcs
  9 ball pythons
  4 endoplasms
  2 giant cockroaches
  8 goblins
  7 hobgoblins
  4 jackals (D:4)
  17 kobolds
  3 quokkas
  2 bats
  2 frilled lizards (D:2)
  5 rats
190 creatures vanquished.

Vanquished Creatures (collateral kills)
  3 foxfires (D:10)
3 creatures vanquished.

Vanquished Creatures (others)
  A steam dragon (D:9)
  378 foxfires
  6 fungi (D:10)
  14 plants (D:10)
399 creatures vanquished.

Grand Total: 592 creatures vanquished

Notes
Turn   | Place    | Note
-------+----------+-------------------------------------------
     0 | D:1      | senseless the Draconian Fire Elementalist began the quest
                  | for the Orb.
     0 | D:1      | Reached XP level 1. HP: 14/14 MP: 3/3
   228 | D:1      | Reached XP level 2. HP: 20/20 MP: 0/5
  1021 | D:1      | Reached XP level 3. HP: 26/26 MP: 1/6
  1097 | D:1      | Found Mump's Antique Armour Shoppe.
  1916 | D:2      | Learned a level 2 spell: Scorch
  1978 | D:3      | Reached XP level 4. HP: 32/33 MP: 7/7
  2106 | D:3      | Found a faded altar of an unknown god.
  2115 | D:3      | Prayed at the altar of an unknown god.
  2115 | D:3      | Became a worshipper of Makhleb the Destroyer
  2115 | D:3      | Reached * piety under Makhleb
  2726 | D:4      | Reached skill level 1 in Maces & Flails
  2726 | D:4      | Reached XP level 5. HP: 38/38 MP: 4/8
  3018 | D:4      | Found a staircase to the Ecumenical Temple.
  3118 | D:4      | Reached ** piety under Makhleb
  3497 | D:4      | Reached XP level 6. HP: 19/46 MP: 10/10
  3645 | D:4      | Noticed Ijyb
  3648 | D:4      | Killed Ijyb
  4073 | D:5      | Entered Level 5 of the Dungeon
  4194 | D:5      | Noticed a water moccasin
  4200 | D:5      | Killed a water moccasin
  4201 | D:5      | Reached skill level 1 in Fighting
  4304 | D:5      | Reached skill level 5 in Fire Magic
  4304 | D:5      | Your scales start taking on an icy white colour.
  4304 | D:5      | Reached XP level 7. HP: 52/52 MP: 5/12
  4304 | D:5      | Gained mutation: Your flesh is cold resistant. (rC+) [White
                  | Draconian growth]
  4704 | D:1      | Bought a pair of runed boots for 127 gold pieces
  6009 | D:6      | Reached skill level 5 in Fire Magic
  6009 | D:6      | Reached XP level 8. HP: 32/59 MP: 9/14
  6204 | D:6      | Found a shimmering altar of Xom.
  6221 | D:6      | Found a broken altar of Ashenzari.
  6493 | D:6      | Noticed Sigmund
  6507 | D:6      | Killed Sigmund
  6508 | D:6      | Reached skill level 5 in Spellcasting
  6976 | D:6      | Gained mutation: You are frail. (-10% HP) [potion of
                  | mutation]
  6976 | D:6      | Gained mutation: Your tail ends in a venomous barb. [potion
                  | of mutation]
  7120 | D:7      | Noticed a two-headed ogre
  7125 | D:7      | Noticed a hornet
  7349 | D:7      | Lost mutation: You are frail. (-10% HP) [potion of
                  | mutation]
  7349 | D:7      | Lost mutation: Your tail ends in a venomous barb. [potion
                  | of mutation]
  7349 | D:7      | Gained mutation: You are robust. (+10% HP) [potion of
                  | mutation]
  7349 | D:7      | Gained mutation: You are clumsy. (Dex -2) [potion of
                  | mutation]
  7349 | D:7      | Gained mutation: You have sharp toenails. [potion of
                  | mutation]
  7401 | D:7      | Found a burning altar of Makhleb.
  7401 | D:7      | Found a hazy altar of Hepliaklqana.
  7742 | D:7      | Reached XP level 9. HP: 59/73 MP: 10/17
  7857 | D:6      | Killed a two-headed ogre
  7995 | D:7      | Noticed Prince Ribbit
  8012 | D:7      | Killed Prince Ribbit
  8315 | D:8      | Found a hide-covered altar of Uskayaw.
  8452 | D:1      | Bought an embroidered scarf for 136 gold pieces
  8746 | D:8      | Lost mutation: You are clumsy. (Dex -2) [potion of
                  | mutation]
  8746 | D:8      | Lost mutation: You are robust. (+10% HP) [potion of
                  | mutation]
  8746 | D:8      | Gained mutation: You occasionally lose the ability to drink
                  | potions when taking damage. [potion of mutation]
  8746 | D:8      | Gained mutation: You are frail. (-10% HP) [potion of
                  | mutation]
  8984 | D:8      | Lost mutation: You occasionally lose the ability to drink
                  | potions when taking damage. [potion of mutation]
  8984 | D:8      | Lost mutation: You are frail. (-10% HP) [potion of
                  | mutation]
  8984 | D:8      | Lost mutation: You have sharp toenails. [potion of
                  | mutation]
  8984 | D:8      | Gained mutation: Your natural rate of healing is unusually
                  | fast. [potion of mutation]
  8984 | D:8      | Gained mutation: You are occasionally teleported next to
                  | monsters. [potion of mutation]
  8984 | D:8      | Gained mutation: Your spells are a little harder to cast,
                  | but a little more powerful. [potion of mutation]
  9124 | D:8      | Reached *** piety under Makhleb
  9130 | D:8      | Reached XP level 10. HP: 43/73 MP: 2/21
  9620 | D:9      | Noticed Erolcha
  9639 | D:9      | Killed Erolcha
 10162 | D:10     | Entered Level 10 of the Dungeon
 10167 | D:10     | Found a glowing golden altar of the Shining One.
 10354 | D:10     | Reached skill level 5 in Maces & Flails
 10379 | D:10     | Reached skill level 5 in Dodging
 10519 | D:10     | Lost mutation: Your spells are a little harder to cast, but
                  | a little more powerful. [potion of mutation]
 10519 | D:10     | Lost mutation: Your natural rate of healing is unusually
                  | fast. [potion of mutation]
 10519 | D:10     | Gained mutation: You have an increased reservoir of magic.
                  | (+10% MP) [potion of mutation]
 10519 | D:10     | Gained mutation: You are agile. (Dex +4, Str/Int -1)
                  | [potion of mutation]
 10577 | D:10     | Found a staircase to the Lair.
 10678 | D:10     | Learned a level 4 spell: Flame Wave
 10704 | D:10     | Reached **** piety under Makhleb
 10842 | D:10     | Noticed Urug
 10856 | D:10     | Slain by Urug

Illustrated notes

Levels and vault maps discovered:
D:1:      psy_arrival_dodecagon, layout_loops_corners, serial_shops,
          nicolae_shop_behind_doors, hangedman_decor_riveting,
          nrook_mini_vaults, st_stairs_4
D:2:      layout_basic
D:3:      layout_basic, basic_ecumenical_altar
D:4:      layout_loops_ring, minmay_temple_entry_proselytizer, uniq_ijyb
D:5:      layout_layer_cave, minmay_small_thing
D:6:      layout_basic, nicolae_ashenzari_panopticon,
          mainiacjoe_overflow_alcove_4, uniq_sigmund
D:7:      layout_rooms, amethyst_overflow_temple_binary, uniq_prince_ribbit1
D:8:      layout_rooms, mainiacjoe_overflow_brackets, roderic_serpentine_path
D:9:      layout_long_grid, uniq_erolcha
D:10:     cheibrodos_shockbox, layout_rooms, nicolae_qazlal_eye_of_the_storm,
          mainiacjoe_overflow_catwalk, minmay_lair_entry_grove, uniq_urug

Skill      XL: |  1  2  3  4  5  6  7  8  9 10 |
---------------+-------------------------------+-----
Stealth        | 2 3 4 |  4.3
Dodging        | 2 3 4 5 |  5.4
Maces & Flails | 1 2 3 4 5 |  5.5
Fire Magic     | 4 4 5 6 7 8 |  8.4
Conjurations   | 2 3 4 |  4.0
Spellcasting   | 3 4 5 7 8 |  8.4
Fighting       | 1 2 4 |  4.1

Action                     |  1- 3 |  4- 6 |  7- 9 | 10-12 || total
---------------------------+-------+-------+-------+-------++-------
  Melee: Unarmed           |     4 |       |       |       ||     4
         Tailslap          |     5 |     5 |     7 |    19 ||    36
         Mace              |    36 |    46 |   101 |   136 ||   319
   Cast: Foxfire           |    55 |    45 |    84 |    51 ||   235
         Scorch            |     1 |    21 |    67 |    41 ||   130
    Use: Scroll            |     4 |     5 |    11 |       ||    20
         Potion            |       |       |     4 |     1 ||     5
   Stab: Sleeping          |       |     2 |     2 |       ||     4
 Armour: Skin              |    26 |    20 |    95 |    81 ||   222
  Dodge: Dodged            |    38 |    54 |   207 |   232 ||   531

Table legend: (Time is in decaauts)
 A = Elapsed time spent in this place.
 B = Non-inter-level travel time spent in this place.
 C = Inter-level travel time spent in this place.
 D = Time resting spent in this place.
 E = Time spent auto-exploring this place.
 F = Levels seen in this place.
 G = Mean time per level.
                   A        B        C        D        E       F      G
               +--------+--------+--------+--------+--------+-----+--------+
         Total |  11134 |  10423 |    711 |    900 |   7731 |  10 | 1113.4 |
       Dungeon |  11134 |  10423 |    711 |    900 |   7731 |  10 | 1113.4 |
               +--------+--------+--------+--------+--------+-----+--------+

Top non-repeatable levels by time:
     D:5: 1714 daAuts
     D:6: 1493 daAuts
     D:4: 1301 daAuts
     D:1: 1266 daAuts
     D:3: 1044 daAuts
     D:7: 1012 daAuts
     D:9: 861 daAuts
     D:2: 860 daAuts
     D:8: 829 daAuts
    D:10: 750 daAuts
